cohdb
Replays
Latest Replays
All Replays
Popular Replays
Top Player Replays
Match Explorer
How It Works
Community
CoH3 Stats
Reddit
Sign in to upload your games and track your stats! →
Sign in with Steam
Match 38280735
Unlisted
Match 38280735
Overview
Messages
Build Orders
End
Construct Infanterie Kompanie
Selects Mechanized Battlegroup
GrW 34 Mortar Team
MG 42 Machine Gun Team
Grenadier Squad
Construct Luftwaffe Kompanie
Medical Station
Jäger Squad
Selects Spotting Scopes
Jäger Squad
AI Takeover
Slim
AVA
Oneshot
血手人屠李杀神
Timoshenko
theGshovE
TidaL
Alan walker
0
0
Comments
sign in to comment!
No comments posted yet!